 Dungeon Crawl Stone Soup version 0.22.1-2-g9c5b331 (webtiles) character file.

46 SilentRunner the Conjurer (level 3, -5/19 HPs)
             Began as a Deep Elf Conjurer on Dec 22, 2018.
             Slain by a gnoll
             ... wielding a +0 flail
              (8 damage)
             ... on level 2 of the Dungeon.
             The game lasted 00:06:25 (1563 turns).

SilentRunner the Conjurer (Deep Elf Conjurer)       Turns: 1563, Time: 00:06:26

Health: -5/19      AC:  2    Str:  5    XL:     3   Next: 44%
Magic:  4/9        EV: 13    Int: 20    God:
Gold:   87         SH:  0    Dex: 15    Spells: 7/8 levels left

rFire    . . .     SeeInvis .   j - +2 whip (venom)
rCold    . . .     Gourm    .   (no shield)
rNeg     . . .     Faith    .   a - +0 robe
rPois    .         Spirit   .   (no helmet)
rElec    .         Reflect  .   (no cloak)
rCorr    .         Harm     .   (no gloves)
MR       .....                  (no boots)
Stlth    ++........             (no amulet)
HPRegen  0.06/turn              (no ring)
MPRegen  0.11/turn              (no ring)

@: no status effects
A: no striking features
a: no special abilities


You were on level 2 of the Dungeon.
You were not hungry.

You visited 1 branch of the dungeon, and saw 2 of its levels.

You collected 87 gold pieces.

Inventory:

Hand Weapons
 j - a +2 whip of venom (weapon)
Missiles
 d - 29 arrows
Armour
 a - a +0 robe (worn)
Potions
 b - 2 potions of heal wounds {unknown}
 e - a potion of invisibility {unknown}
 f - a potion of curing
 g - a potion of mutation {unknown}
 i - a potion of might {unknown}
Comestibles
 c - 4 rations


   Skills:
 + Level 2.5 Dodging
 + Level 2.6 Stealth
 + Level 3.3 Spellcasting
 + Level 5.5 Conjurations


You had 7 spell levels left.
You knew the following spells:

 Your Spells              Type           Power        Failure   Level  Hunger
a - Magic Dart            Conj           ####         1%          1    None

Your spell library contained the following spells:

 Spells                   Type           Power        Failure   Level  Hunger
 Searing Ray              Conj           ####..       2%          2    ##.....
 Dazzling Spray           Conj/Hex       ##....       13%         3    ###....
 Iskenderun's Mystic Bla  Conj           ####....     14%         4    ####...
 Force Lance              Conj/Tloc      ##......     41%         4    ####...
 Fulminant Prism          Conj/Hex       ##........   41%         4    ####...


Dungeon Overview and Level Annotations

Branches:
Dungeon (2/15)

Altars:


Message History

Press: ? - help, Shift-Dir - straight line, f - gnoll
Aim: a gnoll, wielding a flail The magic dart hits the gnoll.
The gnoll is lightly wounded.
Unknown command.
Casting: Magic Dart (safe; 1% risk of failure)
Confirm with . or Enter, or press ? or * to list all spells.
Aiming: Magic Dart (safe; 1% risk of failure)
Press: ? - help, Shift-Dir - straight line, f/p - gnoll
Aim: a gnoll, wielding a flail (lightly wounded)
The magic dart hits the gnoll.
The gnoll is moderately wounded.
The gnoll hits you with a flail!
Ouch! That really hurt!
* * * LOW HITPOINT WARNING * * *
Your magical contamination has completely faded away.
A bat comes into view.
The gnoll closely misses you. The gnoll hits you with a flail!
You die...

#.### # ###.#.#...)# #.#.#
#.#...#....#.#####
#.#.#######.#.#............###
####.#......##.................#.
#........##.####.#.##.....###..#g
#........##.# #.#<#........#..#.
#........##.# #.#....#........#.
#........##.# #g##...#...#.##.#.
.....######.####@##...#...#....†.
###### #....#.##...#...###.###
####.#.##...#..........
##############.#.##.....#.###.###
#..............#.##.....#.# #.#
#.##############.##.#####.# #.#
#................##....)..# #.#
########################### #.#
#.#


You could see a gnoll.

Vanquished Creatures
  A gnoll (D:2)
  2 adders (D:2)
  2 leopard geckos (D:1)
  A ball python (D:1)
  3 goblins
  A hobgoblin (D:2)
  A frilled lizard (D:2)
  A kobold (D:1)
  6 rats
  A fungus (D:1)
19 creatures vanquished.

Notes
Turn   | Place    | Note
-------+----------+-------------------------------------------
     0 | D:1      | SilentRunner the Deep Elf Conjurer began the quest for the
                  | Orb.
     0 | D:1      | Reached XP level 1. HP: 10/10 MP: 6/6
   580 | D:1      | Reached XP level 2. HP: 15/15 MP: 2/8
  1108 | D:2      | Reached skill level 5 in Conjurations
  1295 | D:2      | Reached XP level 3. HP: 5/19 MP: 5/9
  1563 | D:2      | Slain by a gnoll

Skill      XL: |  1  2 |
---------------+-------+-----
Conjurations   | 5 |  5.5
Dodging        | |  2.5
Stealth        | |  2.6
Spellcasting   | |  3.3

Action                   || total
-------------------------++-------
Melee: Dagger            ||    52
       Whip              ||     2
 Cast: Magic Dart        ||    36
  Use: Potion            ||     1
  Eat: Chunk             ||     2
Armor: Robe              ||     2
Dodge: Dodged            ||    12
